 Dungeon Crawl Stone Soup version 0.26-a0-639-g72c4674329 (webtiles) character file.

Game seed: 7675715173511140860

4 Colgate the Sneak (level 1, -2/11 HPs)
             Began as a Spriggan Delver on Sept 20, 2020.
             Slain by an adder (3 damage)
             ... in a sewer.
             The game lasted 00:03:56 (236 turns).

Colgate the Sneak (Spriggan Delver)                  Turns: 236, Time: 00:03:57

Health: -2/11      AC:  2    Str:  8    XL:     1   Next: 50%
Magic:  2/2        EV: 18    Int: 11    God:
Gold:   30         SH:  0    Dex: 17    Spells: 0/0 levels left

rFire    . . .     SeeInvis +   a - +0 short sword
rCold    . . .     Faith    .   (shield restricted)
rNeg     . . .     Spirit   .   b - +0 robe
rPois    .         Reflect  .   (helmet restricted)
rElec    .         Harm     .   (no cloak)
rCorr    .         Rampage  .   (gloves unavailable)
MR       .....                  (boots unavailable)
Stlth    ++++......             (no amulet)
HPRegen  0.03/turn              (no ring)
MPRegen  0.08/turn              (no ring)

@: very quick
A: very small, unfitting armour, see invisible, speed 3
a: no special abilities


You were in a sewer.
You visited 1 branch of the dungeon, and saw 5 of its levels.
You also visited: Sewer.

You collected 30 gold pieces.

Inventory:

Hand Weapons
 a - a +0 short sword (weapon)
Missiles
 h - 6 bolts
 i - 16 stones (quivered)
Armour
 b - a +0 robe (worn)
Wands
 g - a wand of digging (3)
Scrolls
 c - a scroll of fog
 e - a scroll of fear
 k - a scroll of identify {unknown}
Potions
 f - a potion of haste
 j - a potion of curing {unknown}


   Skills:
 - Level 2.4 Fighting
 - Level 2.1 Short Blades
 - Level 3.0 Dodging
 + Level 7.6 Stealth


You couldn't memorise any spells.
You didn't know any spells.
Your spell library was empty.

Dungeon Overview and Level Annotations

Branches:
Dungeon (8/15)              Sewer (1/1)
 Temple: D:4-7         Lair: D:8-11

Altars:
Cheibriados


Innate Abilities, Weirdness & Mutations

You are very small and have problems with some larger weapons.
You are too small for most types of armour.
You have supernaturally acute eyesight. (SInv)
You cover ground extremely quickly.


Message History

The adder closely misses you.
You enter the shallow water.
Moving in this stuff is going to be slow.
The adder completely misses you.
Found 2 scrolls of fear.
You enter the shallow water.
Moving in this stuff is going to be slow.
Press: ? - help, v - describe, . - travel, g - get item Item here: a scroll of fear.
The floor.
Unknown command.
You enter the shallow water.
Moving in this stuff is going to be slow.
You see here a scroll of fear.
You hit the adder but do no damage. The adder completely misses you.
You closely miss the adder. The adder misses you.
You closely miss the adder. The adder bites you.
* * * LOW HITPOINT WARNING * * *
The adder bites you.
You die...

########################
≈.≈≈.≈≈.≈.≈≈l..≈?≈≈#≈≈≈≈
≈..≈≈.......r.lS@≈≈#≈≈≈≈
########################


You could see an adder, a river rat and 2 frilled lizards.

Vanquished Creatures
  A worm (D:4)
  A leopard gecko skeleton (D:7)
2 creatures vanquished.

Notes
Turn   | Place    | Note
-------+----------+-------------------------------------------
     0 | D:5      | Colgate the Spriggan Delver began the quest for the Orb.
     0 | D:5      | Reached XP level 1. HP: 11/11 MP: 2/2
     1 | D:5      | You fall into a shaft and drop 3 floors!
     1 | D:8      | Found a snail-covered altar of Cheibriados.
     2 | D:8      | Noticed a wyvern
     2 | D:8      | Noticed an ogre
    47 | D:7      | Noticed an ogre
    63 | D:7      | Noticed a scorpion
    74 | D:7      | Noticed a worker ant
    88 | D:7      | Noticed a hound
   184 | D:4      | Found a glowing drain.
   198 | Sewer    | Entered a sewer
   236 | Sewer    | Slain by an adder

Illustrated notes

Levels and vault maps discovered:
D:4:      layout_cave_pools, serial_shops, shop, cheibrodos_sewer_entry_bend,
          minmay_tree_intersection
D:5:      layout_basic, minmay_temple_entry_drinking_statues
D:6:      layout_basic, minivault_19, minmay_splitting_lines, uniq_pikel
D:7:      layout_loops_ring, okawaru_altar_gauntlet_db
D:8:      layout_loops_corners, cheibriados_altar_1, basic_altar, serial_shops,
          shop_statue, uniq_psyche
Sewer:    sewer_co_cracked_pipes

Action                   || total
-------------------------++-------
Melee: Short sword       ||     6
  Use: Scroll            ||     1
 Stab: Sleeping          ||     2
Armor: Robe              ||     1
Dodge: Dodged            ||    20

Table legend: (Time is in decaauts)
 A = Elapsed time spent in this place.
 B = Non-inter-level travel time spent in this place.
 C = Inter-level travel time spent in this place.
 D = Time resting spent in this place.
 E = Time spent auto-exploring this place.
 F = Levels seen in this place.
 G = Mean time per level.
                   A        B        C        D        E       F      G
               +--------+--------+--------+--------+--------+-----+--------+
         Total |    163 |    163 |      0 |      0 |     12 |   6 |   27.2 |
       Dungeon |    131 |    131 |      0 |      0 |     12 |   5 |   26.2 |
         Sewer |     31 |     31 |      0 |      0 |      0 |   1 |   31.0 |
               +--------+--------+--------+--------+--------+-----+--------+

Top non-repeatable levels by time:
     D:7: 62 daAuts
   Sewer: 31 daAuts
     D:4: 26 daAuts
     D:8: 26 daAuts
     D:5: 9 daAuts
     D:6: 7 daAuts
